 Dungeon Crawl Stone Soup version 0.23-a0-494-g91793a9 (webtiles) character file.

15100 Amnesiac the Covert (level 11, -2/54 HPs)
             Began as a Spriggan Enchanter on Dec 3, 2018.
             Was an Initiate of Gozag.
             Hit by a large rock thrown by a cyclops (26 damage)
             ... while paralysed
             ... on level 2 of the Orcish Mines on Dec 4, 2018.
             The game lasted 00:44:31 (15373 turns).

Amnesiac the Covert (Spriggan Enchanter)           Turns: 15373, Time: 00:44:32

Health: -2/54      AC:  6    Str:  4    XL:     11   Next: 97%
Magic:  24/24      EV:  4    Int: 20    God:    Gozag
Gold:   3570       SH:  0    Dex: 25    Spells: 11/26 levels left

rFire    . . .     SeeInvis +   a - +2 dagger (venom)
rCold    . . .     Gourm    .   (shield restricted)
rNeg     . . .     Faith    .   L - +2 robe {MR+}
rPois    +         Spirit   .   (helmet restricted)
rElec    .         Reflect  .   d - +1 cloak {MR+}
rCorr    .         Harm     .   (gloves unavailable)
MR       +++..                  (boots unavailable)
Stlth    +++++++...             (no amulet)
HPRegen  0.18/turn              n - +3 ring of dexterity
MPRegen  0.19/turn              w - ring of poison resistance

@: paralysed, agile, gold aura, berserk cooldown, very slightly contaminated,
slowed, drained, invisible, very quick
A: very small, unfitting armour, see invisible, herbivore, speed 3, slow
metabolism 2
a: Potion Petition, Call Merchant, Bribe Branch, Renounce Religion


You were on level 2 of the Orcish Mines.
You worshipped Gozag.
Gozag was most pleased with you.
You were hungry.

You visited 2 branches of the dungeon, and saw 11 of its levels.

You collected 3771 gold pieces.
You spent 168 gold pieces at shops.
You paid 33 gold pieces to Gozag.

Inventory:

Hand Weapons
 a - a +2 dagger of venom (weapon)
 C - the cursed +3 trident "Eviscerator" {pierce, Dex+7}
   (You found it on level 8 of the Dungeon)

   It inflicts extra damage upon your enemies.
   It affects your dexterity (+7).
   It has a curse placed upon it.
 D - a +0 dagger of distortion
 J - a +1 dagger of pain
 K - a +2 dagger of draining
Missiles
 s - 2 throwing nets (quivered)
Armour
 d - a +1 cloak of magic resistance (worn)
 p - +0 swamp dragon scales
 y - a +1 robe of fire resistance
 L - a +2 robe of magic resistance (worn)
Jewellery
 l - an uncursed ring of resist corrosion
 n - a +3 ring of dexterity (left hand)
 w - a ring of poison resistance (right hand)
 H - an uncursed ring of ice
Wands
 f - a wand of polymorph (19)
 t - a wand of digging (8)
 x - a wand of paralysis (9)
Scrolls
 c - 2 scrolls of immolation {!r, unknown}
 g - 8 scrolls of identify {!r}
 h - 8 scrolls of teleportation {!r}
 i - 4 scrolls of remove curse {!r}
 j - 4 scrolls of enchant armour {!r}
 u - 2 scrolls of fog {!r}
 v - 5 scrolls of enchant weapon {!r}
 F - a scroll of random uselessness {!r, unknown}
 I - a scroll of magic mapping {!r}
Potions
 b - a potion of lignification {!q}
 e - 2 potions of mutation {!q, unknown}
 k - 2 potions of might {!q, unknown}
 m - 4 potions of curing {!q}
 o - 3 potions of brilliance {!q}
 r - 3 potions of flight {!q, unknown}
 z - a potion of haste {!q, unknown}
 A - a potion of ambrosia {!q, unknown}
 B - a potion of cancellation {!q, unknown}
 E - a potion of heal wounds {!q, unknown}
 G - a potion of magic {!q}
Comestibles
 q - 12 rations


   Skills:
 + Level 4.8(4.6) Fighting
 - Level 8.0(7.8) Short Blades
 + Level 11.8(11.6) Dodging
 - Level 14.0(13.9) Stealth
 - Level 8.0(7.8) Spellcasting
 - Level 10.2(10.0) Hexes
 - Level 9.0(8.8) Evocations


You had 11 spell levels left.
You knew the following spells:

 Your Spells              Type           Power        Failure   Level  Hunger
a - Ensorcelled Hibernat  Hex/Ice        ####..       1%          2    None
b - Passwall              Tmut/Erth      #.......     13%         2    None
c - Apportation           Tloc           #.....       9%          1    None
d - Dazzling Spray        Conj/Hex       ####..       3%          3    None
e - Confuse               Hex            #####...     1%          3    None
w - Tukima's Dance        Hex            #####...     1%          3    None
z - Confusing Touch       Hex            #####.       1%          1    None

Your spell library contained the following spells:

 Spells                   Type           Power        Failure   Level  Hunger
 Corona                   Hex            #####..      1%          1    None
 Animate Skeleton         Necr           N/A          9%          1    None
 Magic Dart               Conj           #...         9%          1    None
 Sandblast                Erth           #.....       9%          1    None
 Summon Small Mammal      Summ           #...         9%          1    None
 Fulminant Prism          Conj/Hex       ####......   11%         4    ###....
 Searing Ray              Conj           #.....       13%         2    None
 Stone Arrow              Conj/Erth      #.....       26%         3    None
 Force Lance              Conj/Tloc      #.......     65%         4    ###....
 Iskenderun's Mystic Bla  Conj           #.......     65%         4    ###....
 Petrify                  Tmut/Erth      #.......     65%         4    ###....
 Lee's Rapid Deconstruct  Erth           #.........   94%         5    #####..


Dungeon Overview and Level Annotations

Branches:
Dungeon (9/15)             Temple (0/1) D:6             Orc (2/2) D:9
    Elf (0/3) Orc:2
   Lair: D:8-11

Altars:
Dithmenos
Elyvilon
Gozag
Hepliaklqana
Kikubaaqudgha
Makhleb
Nemelex Xobeh
Qazlal
Sif Muna
Trog
Vehumet
Xom
Yredelemnul
Zin

Shops:
Orc:1 }?(?

Annotations:
D:9 1 runed door


Innate Abilities, Weirdness & Mutations

You are very small and have problems with some larger weapons.
You are too small for most types of armour.
You have supernaturally acute eyesight. (SInv)
You are a herbivore.
You cover ground extremely quickly.
You need to consume almost no food.


Message History

You puncture the ogre!
The ogre is almost dead.
You closely miss the orc sorcerer.
The orc sorcerer is severely wounded.
You hit the orc sorcerer.
The orc sorcerer looks as sick as possible!
The orc sorcerer is severely wounded.
The orc sorcerer gestures wildly while chanting.
An orc wizard comes into view. It is wielding a +0 dagger.
You hit the orc sorcerer.
The orc sorcerer is almost dead.
The orc shouts!
The orc wizard shouts!
The hellwing gives a chilling moan.
You kill the orc sorcerer!
The hellwing disappears in a puff of smoke!
The ogre completely misses you.
You puncture the ogre!
You kill the ogre!
The orc wizard shouts!
The neqoxec barely misses you.
You strike the helpless neqoxec from behind!
You skewer the neqoxec like a kebab!!!
You kill the neqoxec!
The white imp disappears in a puff of smoke!
The crimson imp disappears in a puff of smoke!
The ufetubus disappears in a puff of smoke!
The orc wizard shouts!
The orc shouts!
Things that are here:
7 gold pieces; a +0 dagger; a +2 robe of the Archmagi You feel a strong urge to attack something.
The orc wizard shouts!
The cyclops shouts!
You hit the orc sorcerer but do no damage.
The orc wizard shouts!
You puncture the orc sorcerer!
The orc sorcerer is poisoned.
The orc sorcerer is moderately wounded.
The orc wizard shouts!
The cyclops shouts!
The orc sorcerer barely misses you.
You hit the orc sorcerer.
The orc sorcerer is heavily wounded.
You hit the orc sorcerer.
The orc sorcerer looks as sick as possible!
The orc sorcerer is severely wounded.
The orc sorcerer closely misses you.
An orc sorcerer comes into view. It is wielding a +0 dagger.
The orc sorcerer shouts!
You hit the orc sorcerer but do no damage.
The orc sorcerer looks as sick as possible!
The orc sorcerer is severely wounded.
You closely miss the orc sorcerer.
The orc sorcerer is severely wounded.
You hit the orc sorcerer but do no damage.
The orc sorcerer is severely wounded.
The orc sorcerer hits you with a +0 dagger.
* * * LOW HITPOINT WARNING * * *
The cyclops throws a large rock.
The large rock hits the orc sorcerer!!!
The orc sorcerer dies!
An orc wizard comes into view. It is wielding a +0 dagger.
You are no longer berserk.
You pass out from exhaustion.
You feel yourself slow down.
The orc wizard shouts!
The cyclops throws a large rock.
The large rock hits you!!
You die...
Your body crumbles into a pile of gold.

.....§≈≈§§≈###≈≈≈§...≈≈§§###
.....≈§≈≈###8###≈≈...§§###
...#.###§# ...#≈≈...≈§#
...### ### #..##≈...≈##
#...# #≈..#≈...≈# # ##.##
#≈..#≈..$≈# .§# ###
#≈..#.....#..§#
...#§§...$8......#
.§§C..@.$.o.o....
§o.§.§§.....§§§..§
§o≈≈§§≈≈≈§≈≈≈§§≈≈≈
..≈############### ..


8 You could see a cyclops, an orc sorcerer, 2 orc wizards and an orc.

Vanquished Creatures
  Snorg (Orc:1)
  A two-headed ogre (Orc:2)
  An orc high priest (Orc:2)
  The ghost of RexLacerta the Cruncher, a novice BaWr of Okawaru (D:8)
  3 orc knights
  An ugly thing (D:9)
  4 orc sorcerers
  Joseph (D:8)
  Maurice (Orc:1)
  Psyche (D:8)
  Grinder (D:4)
  A wyvern (D:9)
  2 spriggans (D:8)
  Sigmund (D:4)
  3 wargs
  2 water moccasins
  20 orc warriors
  3 sky beasts
  4 phantoms
  12 ogres
  2 black bears
  4 centaurs
  2 bullfrogs (D:8)
  A wyvern skeleton (D:8)
  A scorpion (D:4)
  2 troll zombies (D:9)
  3 killer bees (D:7)
  4 wights (D:8)
  An electric eel (D:8)
  4 howler monkeys
  6 crimson imps
  3 hounds
  2 jellies
  Crazy Yiuf (D:4)
  3 bullfrog skeletons
  9 orc priests
  22 orc wizards
  4 worker ants
  4 ogre zombies (D:9)
  3 hound skeletons
  A howler monkey skeleton (D:6)
  A worker ant zombie (D:5)
  8 adders
  4 shadow imps
  An ooze (D:6)
  5 worms
  3 dart slugs
  7 leopard geckos
  53 orcs
  4 bat zombies (D:5)
  5 giant cockroaches
  7 goblins
  8 hobgoblins
  2 jackals (D:1)
  6 quokkas
  A ball python (D:4)
  8 bats
  3 frilled lizards
  A goblin skeleton (D:9)
  4 hobgoblin zombies (D:9)
  6 kobolds
  2 orc skeletons (D:9)
  12 orc zombies (D:9)
  A quokka zombie (D:8)
  5 rats
  3 rat zombies (D:5)
306 creatures vanquished.

Vanquished Creatures (collateral kills)
  An orc warrior (D:9)
1 creature vanquished.

Vanquished Creatures (others)
  An orc sorcerer (Orc:2)
  An orc (D:8)
  4 plants (D:8)
6 creatures vanquished.

Grand Total: 313 creatures vanquished

Notes
Turn   | Place    | Note
-------+----------+-------------------------------------------
     0 | D:1      | Amnesiac the Spriggan Enchanter began the quest for the
                  | Orb.
     0 | D:1      | Reached XP level 1. HP: 9/9 MP: 5/5
   160 | D:2      | Found an opulent altar of Gozag.
   566 | D:1      | Reached XP level 2. HP: 11/13 MP: 4/7
   618 | D:1      | Learned a level 2 spell: Ensorcelled Hibernation
   670 | D:2      | Became a worshipper of Gozag Ym Sagoz the Greedy
  1550 | D:1      | Reached XP level 3. HP: 14/16 MP: 1/8
  1555 | D:1      | Learned a level 3 spell: Confuse
  1852 | D:2      | Reached skill level 5 in Stealth
  2196 | D:2      | Reached XP level 4. HP: 21/21 MP: 2/9
  2714 | D:3      | Found a radiant altar of Vehumet.
  2887 | D:3      | Found a stormy altar of Qazlal.
  2923 | D:3      | Learned a level 3 spell: Tukima's Dance
  2996 | D:3      | Learned a level 1 spell: Confusing Touch
  2998 | D:3      | Learned a level 1 spell: Apportation
  3570 | D:4      | Noticed Sigmund
  3584 | D:4      | Reached XP level 5. HP: 22/24 MP: 7/11
  3593 | D:4      | Noticed Grinder
  3608 | D:4      | Killed Grinder
  3608 | D:4      | Reached skill level 5 in Dodging
  3608 | D:4      | Reached skill level 6 in Stealth
  3608 | D:4      | Reached XP level 6. HP: 27/28 MP: 6/13
  3655 | D:4      | Killed Sigmund
  3655 | D:4      | Reached skill level 7 in Stealth
  3788 | D:4      | Found a runed door.
  3792 | D:4      | Noticed Crazy Yiuf
  3796 | D:4      | Killed Crazy Yiuf
  3796 | D:4      | Reached skill level 5 in Spellcasting
  3796 | D:4      | Reached XP level 7. HP: 32/32 MP: 15/15
  4185 | D:4      | Reached skill level 8 in Stealth
  4295 | D:4      | Learned a level 3 spell: Dazzling Spray
  4689 | D:5      | Entered Level 5 of the Dungeon
  4798 | D:5      | Found a white marble altar of Elyvilon.
  4808 | D:5      | Reached XP level 8. HP: 36/36 MP: 15/18
  5254 | D:5      | Reached skill level 1 in Fighting
  5599 | D:5      | Found a burning altar of Makhleb.
  5609 | D:5      | Found a shadowy altar of Dithmenos.
  5842 | D:5      | Found an ancient bone altar of Kikubaaqudgha.
  5978 | D:6      | Found a deep blue altar of Sif Muna.
  6299 | D:6      | Found a staircase to the Ecumenical Temple.
  6414 | D:6      | Found a sparkling altar of Nemelex Xobeh.
  6489 | D:6      | Reached skill level 5 in Hexes
  6723 | D:6      | Reached XP level 9. HP: 42/44 MP: 20/22
  6794 | D:6      | Reached skill level 9 in Stealth
  7085 | D:6      | Found a hazy altar of Hepliaklqana.
  7086 | D:6      | Reached skill level 5 in Short Blades
  8074 | D:8      | Reached skill level 10 in Stealth
  8284 | D:8      | Noticed Psyche
  8297 | D:8      | Killed Psyche
  8531 | D:8      | Found a runed door.
  8533 | D:8      | Noticed RexLacerta's ghost (novice BaWr)
  8534 | D:8      | Identified the cursed +3 trident "Eviscerator" {pierce,
                  | Dex+7}
  8565 | D:8      | Got a warped flail
  8594 | D:8      | Noticed Joseph
  8616 | D:8      | Reached XP level 10. HP: 29/49 MP: 20/23
  8757 | D:8      | Killed Joseph
  8757 | D:8      | Reached skill level 11 in Stealth
  8963 | D:8      | Found a faded altar of an unknown god.
  8963 | D:8      | Found a faded altar of an unknown god.
  8971 | D:8      | Found a basalt altar of Yredelemnul.
  8973 | D:8      | Found a bloodstained altar of Trog.
  8974 | D:8      | Found a shimmering altar of Xom.
  9299 | D:8      | HP: 2/49 [spriggan (6)]
  9891 | D:8      | Killed RexLacerta's ghost
  9891 | D:8      | Reached skill level 10 in Hexes
 10264 | D:8      | Found a faded altar of an unknown god.
 10264 | D:8      | Found a faded altar of an unknown god.
 10277 | D:8      | Found a basalt altar of Yredelemnul.
 10280 | D:8      | Found a shimmering altar of Xom.
 10282 | D:8      | Found a bloodstained altar of Trog.
 10794 | D:9      | Found a runed door.
 10794 | D:9      | Noticed an angel
 10828 | D:9      | Noticed a brown ugly thing
 10835 | D:9      | Killed a brown ugly thing
 10835 | D:9      | Reached skill level 12 in Stealth
 11109 | D:9      | Found a staircase to the Orcish Mines.
 11659 | D:9      | Reached skill level 13 in Stealth
 12043 | D:9      | Reached skill level 1 in Evocations
 12184 | D:9      | Found a glowing silver altar of Zin.
 12332 | Orc:1    | Entered Level 1 of the Orcish Mines
 12332 | Orc:1    | Found Textiski's Magic Scroll Shoppe.
 12685 | Orc:1    | Found Feut Gimmatt's Magic Scroll Boutique.
 12689 | Orc:1    | Noticed an orc knight
 12704 | Orc:1    | Killed an orc knight
 12709 | Orc:1    | Found Uhio's Antique Weapon Shop.
 12719 | Orc:1    | Bought a scroll of enchant weapon for 105 gold pieces
 12719 | Orc:1    | Bought a scroll of noise for 14 gold pieces
 12720 | Orc:1    | Bought a scroll of magic mapping for 49 gold pieces
 12720 | Orc:1    | Noticed an orc sorcerer
 12734 | Orc:1    | Killed an orc sorcerer
 12734 | Orc:1    | Reached XP level 11. HP: 52/52 MP: 14/24
 12849 | Orc:1    | Noticed Maurice
 12894 | Orc:1    | Killed Maurice
 12919 | Orc:1    | Found Vughejan's Gadget Boutique.
 13027 | Orc:1    | Noticed an orc sorcerer
 13033 | Orc:1    | Killed an orc sorcerer
 13033 | Orc:1    | Reached skill level 14 in Stealth
 13033 | Orc:1    | Reached skill level 5 in Evocations
 13372 | Orc:2    | Entered Level 2 of the Orcish Mines
 13390 | Orc:2    | Noticed an orc sorcerer
 13404 | Orc:2    | Killed an orc sorcerer
 13562 | Orc:2    | Noticed an orc knight
 13880 | Orc:2    | Noticed an orc high priest
 13881 | Orc:2    | Noticed an orc knight
 13898 | Orc:2    | Noticed a two-headed ogre
 13953 | Orc:2    | Found a staircase to the Elven Halls.
 14224 | Orc:2    | Killed an orc knight
 14318 | Orc:1    | Noticed Snorg
 14322 | Orc:1    | Killed Snorg
 14322 | Orc:1    | Reached skill level 10 in Dodging
 14479 | Orc:2    | Killed an orc knight
 14700 | Orc:2    | Killed an orc high priest
 14762 | Orc:2    | Learned a level 2 spell: Passwall
 14918 | Orc:2    | Killed a two-headed ogre
 15180 | Orc:2    | Noticed an orc sorcerer
 15348 | Orc:2    | Noticed an orc sorcerer
 15360 | Orc:2    | Killed an orc sorcerer
 15368 | Orc:2    | Noticed an orc sorcerer
 15371 | Orc:2    | Killed an orc sorcerer
 15373 | Orc:2    | Hit by a large rock thrown by a cyclops

Vault maps used:
D:1:      co_arrival_random_square_maze
D:2:      grunt_gozag_breadcrumbs, first_ration
D:3:      vehumet_crystals, nicolae_qazlal_general_emergency
D:4:      kennysheep_crisscross, kennysheep_doodads,
          chequers_serial_rivers_micro_e, uniq_sigmund, uniq_grinder,
          uniq_crazy_yiuf_cottage
D:5:      amethyst_overflow_temple_binary, lemuel_zombie_altar_kikubaaqudgha,
          elyvilon_altar_1
D:6:      lemuel_coloured_pillars_altar, lemuel_doored_altar,
          minmay_temple_entry_ruins, nemelex_dance_club_becter
D:7:      patterned_corridor
D:8:      chequers_temple_overflow_minitemple, ebering_ghost_funeral_grove,
          grunt_pizzeria, chequers_serial_rivers_micro_e, minmay_hedge_maze,
          uniq_psyche, uniq_joseph
D:9:      zombieorc1_lemuel, solitary_fountain, lemuel_angel_altar
Orc:1:    serial_shops, shop, shop, shop, shop, uniq_maurice, uniq_snorg
Orc:2:    kennysheep_orc_mage_school

Skill      XL: |  1  2  3  4  5  6  7  8  9 10 11 |
---------------+----------------------------------+-----
Spellcasting   | 3 4 5 6 8 |  8.0
Hexes          | 4 5 9 10 | 10.2
Stealth        | 5 6 7 8 10 13 14 | 14.0
Short Blades   | 2 3 4 6 8 |  8.0
Dodging        | 4 5 6 7 8 11 | 11.8
Fighting       | 3 4 |  4.8
Evocations     | 4 9 |  9.0

Action                   |  1- 3 |  4- 6 |  7- 9 | 10-12 || total
-------------------------+-------+-------+-------+-------++-------
Melee: Dagger            |   111 |    50 |   326 |   582 ||  1069
 Cast: Corona            |     7 |       |       |       ||     7
       Ensorcelled Hiber |    36 |    22 |    70 |    10 ||   138
       Confuse           |     2 |     4 |    22 |    25 ||    53
       Confusing Touch   |       |       |    29 |    58 ||    87
       Dazzling Spray    |       |       |    10 |     7 ||    17
       Tukima's Dance    |       |       |     1 |     4 ||     5
Invok: Potion Petition   |       |       |       |     1 ||     1
  Use: Scroll            |     5 |     6 |       |     1 ||    12
       Potion            |       |       |       |     1 ||     1
 Stab: Sleeping          |    25 |    20 |    46 |    21 ||   112
       Confused          |     2 |     5 |    41 |    72 ||   120
       Distracted        |       |       |     1 |     1 ||     2
       Invisible         |       |       |     2 |     3 ||     5
  Eat: Ration            |     3 |     2 |     3 |       ||     8
Armor: Robe              |     9 |       |    17 |    32 ||    58
Dodge: Dodged            |   122 |    27 |   252 |   323 ||   724

Table legend:
 A = Non-vault XP
 B = Vault XP
 C = Vault XP percentage of total XP
 D = Non-vault monster count
 E = Vault monster count
 F = Vault count percentage of total count
                 A         B        C        D         E       F
            +---------+---------+-------+---------+---------+-------
      Total |   15097 |    6475 |  30.0 |     255 |      54 |  17.5
            +---------+---------+-------+---------+---------+-------
        D:1 |      43 |       0 |   0.0 |      21 |       0 |   0.0
        D:2 |      86 |       0 |   0.0 |      24 |       0 |   0.0
        D:3 |      31 |       0 |   0.0 |      14 |       0 |   0.0
        D:4 |     686 |     527 |  43.4 |      19 |       3 |  13.6
        D:5 |     562 |      11 |   1.9 |      19 |       7 |  26.9
        D:6 |    1150 |     123 |   9.7 |      23 |       2 |   8.0
        D:7 |     760 |       0 |   0.0 |      16 |       0 |   0.0
        D:8 |    1287 |    2376 |  64.9 |      22 |       7 |  24.1
        D:9 |    1408 |     653 |  31.7 |      19 |      29 |  60.4
      Orc:1 |    3161 |    1597 |  33.6 |      33 |       2 |   5.7
      Orc:2 |    5923 |    1188 |  16.7 |      45 |       4 |   8.2
            +---------+---------+-------+---------+---------+-------
